 Dungeon Crawl Stone Soup version 0.24.0-13-gcf9b319 (webtiles) character file.

Game seed: 17762695117772429472, levelgen mode: deterministic

2 Fang the Skirmisher (level 1, 0/21 HPs)
             Began as a Gargoyle Berserker on Nov 21, 2019.
             Was a Follower of Trog.
             Slain by a gnoll
             ... wielding a +0 halberd
              (12 damage)
             ... on level 1 of the Dungeon.
             The game lasted 00:00:03 (51 turns).

Fang the Skirmisher (Gargoyle Berserker)              Turns: 51, Time: 00:00:04

Health: 0/21       AC:  4    Str: 25    XL:     1   Next: 40%
Magic:  1/1        EV: 12    Int:  7    God:    Trog [*.....]
Gold:   0          SH:  0    Dex:  9    Spells: 0/0 levels left

rFire    . . .     SeeInvis .   a - +0 hand axe
rCold    . . .     Gourm    .   (no shield)
rNeg     + . .     Faith    .   b - +0 animal skin
rPois    ∞         Spirit   .   (no helmet)
rElec    +         Reflect  .   (no cloak)
rCorr    .         Harm     .   (no gloves)
MR       .....                  (no boots)
Stlth    ..........             (no amulet)
HPRegen  0.07/turn              (no ring)
MPRegen  0.07/turn              (no ring)

@: berserking (expiring), very quick
A: negative energy resistance 1, electricity resistance, unbreathing,
petrification resistance, rot immunity, AC +2
a: Berserk, Renounce Religion


You were on level 1 of the Dungeon.
You worshipped Trog.
Trog was aware of your devotion.
You were not hungry.

You visited 1 branch of the dungeon, and saw 1 of its levels.

Inventory:

Hand Weapons
 a - a +0 hand axe (weapon)
Armour
 b - a +0 animal skin (worn)
Comestibles
 c - a ration


   Skills:
 + Level 3.3 Fighting
 + Level 2.7 Axes
 + Level 2.2 Armour
 + Level 1.6 Dodging


You couldn't memorise any spells.
You didn't know any spells.
Your spell library was empty.

Dungeon Overview and Level Annotations

Branches:
Dungeon (1/15)

Altars:


Innate Abilities, Weirdness & Mutations

You are resistant to torment.
Your stone body is resilient. (AC +2)
You are immune to poison.
You resist negative energy. (rN+)
You are resistant to electric shocks. (rElec)
You can survive without breathing.
You are immune to petrification.
You are immune to rotting.


Message History

The gnoll hits you from afar with a +0 halberd.
You are too injured to fight recklessly!
You are too injured to fight recklessly!
You are too injured to fight recklessly!
You are too injured to fight recklessly!
You are too injured to fight recklessly!
You are too injured to fight recklessly!
A red film seems to cover your vision as you go berserk!
You feel yourself moving faster!
You feel mighty!
You feel quite a bit more hungry. The bat closely misses you.
The gnoll misses you.
You feel a strong urge to attack something.
The bat closely misses you.
You closely miss the gnoll. You slash the bat!
You kill the bat!
Trog accepts your kill. The gnoll hits you but does no damage.
You barely miss the gnoll. The gnoll hits you with a +0 halberd!
Ouch! That really hurt!
You die...

+... .......
.......... ........#
..#...># ##.#....#
.......+ #.g...####
#†@†......
##.#'#....
###.#.##############
#.#.#.##n#M#f#c#6#x#
#.....##############
#.##...'............
#.$...##############
####...#a#p#g#N#i#Q#
##>.#############


You could see a gnoll.

Vanquished Creatures
  A goblin (D:1)
  2 bats (D:1)
3 creatures vanquished.

Notes
Turn   | Place    | Note
-------+----------+-------------------------------------------
     0 | D:1      | Fang the Gargoyle Berserker began the quest for the Orb.
     0 | D:1      | Reached XP level 1. HP: 14/14 MP: 1/1
     2 | D:1      | Noticed a merfolk
     2 | D:1      | Noticed a gargoyle
     4 | D:1      | Noticed a vampire
     6 | D:1      | Noticed a felid
     6 | D:1      | Noticed a halfling
     8 | D:1      | Noticed an ogre
     8 | D:1      | Noticed a demigod
    12 | D:1      | Noticed an elf
    12 | D:1      | Noticed a minotaur
    14 | D:1      | Noticed a draconian
    14 | D:1      | Noticed a troll
    16 | D:1      | Noticed an octopode
    16 | D:1      | Noticed a tengu
    18 | D:1      | Noticed a demonspawn
    18 | D:1      | Noticed a spriggan
    20 | D:1      | Noticed a centaur
    20 | D:1      | Noticed a naga
    22 | D:1      | Noticed a vine stalker
    22 | D:1      | Noticed a dwarf
    24 | D:1      | Noticed a human
    26 | D:1      | Noticed a ghoul
    26 | D:1      | Noticed a formicid
    51 | D:1      | Slain by a gnoll

Levels and vault maps discovered:
D:1:      kb_arrival_jail, layout_basic, moated_statue, minivault_11

Action                   || total
-------------------------++-------
Melee: Hand axe          ||    10
Invok: Berserk           ||     1
Armor: Animal skin       ||    14
Dodge: Dodged            ||    14
